 Dungeon Crawl Stone Soup version 0.26-a0-597-gb535b0901c (webtiles) character file.

Game seed: 14213716324827832614

123 Gorglomux the Skirmisher (level 4, 0/40 HPs)
             Began as a Draconian Warper on Aug 28, 2020.
             Killed from afar by an orc wizard (3 damage)
             ... with a magic dart
             ... on level 3 of the Dungeon.
             The game lasted 00:03:31 (3040 turns).

Gorglomux the Skirmisher (Draconian Warper)         Turns: 3040, Time: 00:03:31

Health: 0/40       AC:  6    Str: 13    XL:     4   Next: 79%
Magic:  3/7        EV: 12    Int: 13    God:
Gold:   80         SH:  0    Dex: 12    Spells: 2/7 levels left

rFire    . . .     SeeInvis .   a - +0 hand axe
rCold    . . .     Faith    .   (no shield)
rNeg     . . .     Spirit   .   (armour unavailable)
rPois    .         Reflect  .   (helmet restricted)
rElec    .         Harm     .   i - +0 cloak
rCorr    .                      (no gloves)
MR       .....                  (no boots)
Stlth    +.........             (no amulet)
HPRegen  0.13/turn              (no ring)
MPRegen  0.10/turn              (no ring)

@: confused
A: unfitting armour, cold-blooded, AC +5
a: no special abilities


You were on level 3 of the Dungeon.
You visited 1 branch of the dungeon, and saw 3 of its levels.

You collected 80 gold pieces.

Inventory:

Hand Weapons
 a - a +0 hand axe (weapon)
Missiles
 K - 4 boomerangs of dispersal (quivered)
Armour
 i - a +0 cloak (worn)
 j - a +0 pair of gloves
Scrolls
 c - 2 scrolls of random uselessness {unknown}
 d - a scroll of identify {unknown}
 f - a scroll of enchant armour {unknown}
 g - 2 scrolls of teleportation {unknown}
 B - a scroll of blinking
Potions
 e - a potion of resistance
 h - a potion of haste {unknown}
 k - a potion of heal wounds {unknown}
 l - a potion of lignification {unknown}
 m - a potion of magic {unknown}
 Q - a potion of curing


   Skills:
 + Level 4.1 Fighting
 + Level 3.7 Axes
 - Level 0.8 Throwing
 - Level 2.1 Dodging
 - Level 2.0 Spellcasting
 + Level 3.1 Translocations


You had 2 spell levels left.
You knew the following spells:

 Your Spells              Type           Power        Failure   Level
a - Gell's Gravitas       Tloc           #.........   22%         3
d - Blink                 Tloc           N/A          11%         2

Your spell library contained the following spells:

 Spells                   Type           Power        Failure   Level
 Lesser Beckoning         Tloc           #.........   22%         3
 Teleport Other           Tloc           #.......     22%         3
 Passage of Golubria      Tloc           N/A          56%         4


Dungeon Overview and Level Annotations

Branches:
Dungeon (3/15)

Altars:


Innate Abilities, Weirdness & Mutations

Your plain brown scales are hard. (AC +5)
You cannot fit into any form of body armour.
You are cold-blooded and may be slowed by cold attacks.


Message History

The orc hits you from afar with a +0 trident.
The orc wizard hits you but does no damage.
You closely miss the orc wizard.
The orc wizard is severely wounded.
The orc hits you from afar with a +0 trident.
The orc wizard casts a spell.
The orc wizard flickers and vanishes!
Deactivating autopickup; reactivate with Ctrl-A.
You closely miss something. The orc barely misses you.
Something hits you but does no damage.
You closely miss something. The orc closely misses you. Something hits you.
You closely miss something. The orc misses you.
Something hits you but does no damage.
You hit something but do no damage. The orc hits you but does no damage.
Something hits you.
The orc hits you from afar with a +0 trident!
You closely miss something. Something hits you but does no damage.
The orc misses you.
You hear some strange, mumbled words.
A puff of flame appears from out of thin air!
The puff of flame misses you.
You miss something. You tail-slap something.
You hear some strange, mumbled words.
You are confused.
The orc hits you from afar with a +0 trident.
* * * LOW HITPOINT WARNING * * *
You barely miss something. Something hits you.
* * * LOW HITPOINT WARNING * * *
The orc hits you from afar with a +0 trident.
* * * LOW HITPOINT WARNING * * *
It was a potion of curing.
You feel better.
Q - a potion of curing Something hits you but does no damage.
You closely miss something. The orc closely misses you.
You hear some strange, mumbled words.
You are confused.
Unknown command.
You bump into the rock wall.
The orc hits you from afar with a +0 trident.
* * * LOW HITPOINT WARNING * * *
You hear some strange, mumbled words.
A magic dart appears from out of thin air!
The magic dart hits you but does no damage.
You bump into the rock wall.
The orc hits you from afar with a +0 trident!
* * * LOW HITPOINT WARNING * * *
You hear some strange, mumbled words.
A magic dart appears from out of thin air!
The magic dart hits you.
You die...

##################
.................#
################.#
# #.# #### #@#
...# #{# ...# #o#
...#


oo# ...# ### ...# #### # # You could see 3 orcs.

Vanquished Creatures
  Robin (D:2)
  3 adders (D:2)
  An ooze (D:1)
  A worm (D:2)
  2 dart slugs (D:2)
  2 leopard geckos
  A ball python (D:1)
  5 bats
  5 giant cockroaches
  16 goblins
  8 hobgoblins
  4 jackals (D:2)
  A quokka (D:2)
  3 frilled lizards
  7 kobolds
  7 rats
67 creatures vanquished.

Notes
Turn   | Place    | Note
-------+----------+-------------------------------------------
     0 | D:1      | Gorglomux the Draconian Warper began the quest for the Orb.
     0 | D:1      | Reached XP level 1. HP: 17/17 MP: 3/3
   166 | D:1      | Reached XP level 2. HP: 25/25 MP: 5/5
   698 | D:1      | Reached skill level 3 in Fighting
  1217 | D:2      | Reached XP level 3. HP: 17/31 MP: 6/6
  1457 | D:2      | Reached skill level 3 in Axes
  1853 | D:2      | Noticed Robin
  1861 | D:2      | Learned a level 3 spell: Gell's Gravitas
  1865 | D:2      | Reached XP level 4. HP: 40/40 MP: 7/7
  2137 | D:2      | Killed Robin
  2241 | D:2      | Learned a level 2 spell: Blink
  2278 | D:2      | Reached skill level 4 in Fighting
  3040 | D:3      | Killed from afar by an orc wizard

Illustrated notes

Levels and vault maps discovered:
D:1:      dpeg_arrival_shelter, layout_basic
D:2:      layout_basic, mrwooster_statue_mirror, uniq_robin
D:3:      minmay_wonky_spiral, layout_basic, tso_metal_star, uniq_grinder

Skill      XL: |  1  2  3  4 |
---------------+-------------+-----
Fighting       | 3 4 |  4.1
Axes           | 3 |  3.7
Throwing       | |  0.8
Dodging        | |  2.1
Spellcasting   | |  2.0
Translocations | |  3.1

Action                   |  1- 3 |  4- 6 || total
-------------------------+-------+-------++-------
Melee: Hand axe          |   141 |    93 ||   234
       Tailslap          |     8 |    14 ||    22
Throw: Boomerang         |     1 |       ||     1
 Cast: Gell's Gravitas   |       |     4 ||     4
  Use: Potion            |       |     1 ||     1
Armor: Skin              |    47 |    32 ||    79
Dodge: Dodged            |   116 |    72 ||   188

Table legend: (Time is in decaauts)
 A = Elapsed time spent in this place.
 B = Non-inter-level travel time spent in this place.
 C = Inter-level travel time spent in this place.
 D = Time resting spent in this place.
 E = Time spent auto-exploring this place.
 F = Levels seen in this place.
 G = Mean time per level.
                   A        B        C        D        E       F      G
               +--------+--------+--------+--------+--------+-----+--------+
         Total |   3076 |   3023 |     53 |    207 |   2317 |   3 | 1025.3 |
       Dungeon |   3076 |   3023 |     53 |    207 |   2317 |   3 | 1025.3 |
               +--------+--------+--------+--------+--------+-----+--------+

Top non-repeatable levels by time:
     D:2: 1496 daAuts
     D:1: 1413 daAuts
     D:3: 167 daAuts
